 Dungeon Crawl Stone Soup version 0.29.1-12-g30fa7ad0bf (webtiles) character file.

Game seed: 13011350631183823289

1259 MrSixtyFour the Poker (level 8, -12/60 HPs)
             Began as a Demonspawn Gladiator on Dec 25, 2022.
             Mangled by a two-headed ogre
             ... wielding a +0 giant club
              (17 damage)
             ... on level 6 of the Dungeon.
             The game lasted 00:21:21 (6334 turns).

MrSixtyFour the Poker (Demonspawn Gladiator)        Turns: 6334, Time: 00:21:22

Health: -12/60     AC: 14    Str: 14    XL:     8   Next: 27%
Magic:  8/8        EV:  8    Int: 13    God:
Gold:   288        SH:  5    Dex: 18    Spells: 7/7 levels left

rFire   + . .      SeeInvis .   m - +11 spear of Zuaptipi {vorpal, Fragile rC+ Int+4}
rCold   + . .      Faith    .   (no shield)
rNeg    . . .      Spirit   .   j - +0 chain mail
rPois   +          Reflect  +   c - +0 helmet
rElec   .          Harm     .   u - +0 cloak
rCorr   .          Rampage  .   (no gloves)
Will    .....      Clarity  +   (no boots)
Stlth   ..........              B - amulet of reflection
HPRegen 0.20/turn               b - ring of poison resistance
MPRegen 0.11/turn               s - ring of protection from fire

@: no status effects
A: thin metallic scales 1, demonic touch 2, clarity, screaming 1
a: no special abilities


You were on level 6 of the Dungeon.
You visited 1 branch of the dungeon, and saw 6 of its levels.

You collected 288 gold pieces.

Inventory:

Hand Weapons
 m - the +11 spear of Zuaptipi (weapon) {vorpal, Fragile rC+ Int+4}
   (You found it on level 2 of the Dungeon)

   It inflicts extra damage upon your enemies.
   Int:       It affects your intelligence (+4).
   rC:        It protects you from cold.
   Fragile:   It will be destroyed if unequipped.
Missiles
 d - 3 throwing nets (quivered)
 e - a javelin
Armour
 c - a +0 helmet (worn)
 j - a +0 chain mail (worn)
 p - the +5 robe of Night {Dark Will+ SInv}
   (You found it on level 2 of the Dungeon)

   It shrouds the wearer in darkness, reducing the range at which they can see
   and be seen by others.
   SInv:      It lets you see invisible.
   Will:      It increases your willpower.
 u - a +0 cloak (worn)
Jewellery
 b - a ring of poison resistance (left hand)
 o - a ring of resist corrosion
 s - a ring of protection from fire (right hand)
 z - a ring of wizardry
 B - an amulet of reflection (around neck)
 D - a ring of wizardry
Wands
 v - a wand of flame (24)
 C - a wand of digging (3)
Scrolls
 a - a scroll of acquirement {unknown}
 f - 2 scrolls of blinking {unknown}
 g - 7 scrolls of teleportation {unknown}
 l - 2 scrolls of vulnerability {unknown}
 q - a scroll of fog {unknown}
 r - a scroll of noise {unknown}
 t - 2 scrolls of enchant armour {unknown}
 w - 2 scrolls of fear {unknown}
 x - 4 scrolls of identify {unknown}
 y - a scroll of amnesia {unknown}
 E - a scroll of poison {unknown}
Potions
 h - 2 potions of curing {unknown}
 i - 4 potions of degeneration {unknown}
 k - 2 potions of haste {unknown}
 n - 3 potions of lignification {unknown}
 A - a potion of ambrosia {unknown}


   Skills:
 - Level 4.0 Fighting
 + Level 6.2 Polearms
 - Level 2.5 Throwing
 + Level 5.0 Armour
 - Level 3.6 Dodging
 - Level 2.1 Evocations


You had 7 spell levels left.
You didn't know any spells.
Your spell library contained the following spells:

 Spells                   Type           Power      Damage    Failure   Level
 Freeze                   Ice            0%         1d3       100%        1
 Blink                    Tloc           0%         N/A       100%        2
 Frozen Ramparts          Ice            0%         1d1       100%        3
 Lesser Beckoning         Tloc           0%         N/A       100%        3
 Hailstorm                Conj/Ice       0%         3d3       100%        4
 Manifold Assault         Tloc           0%         N/A       100%        5


Dungeon Overview and Level Annotations

Branches:
Dungeon (6/15)
 Temple: D:4-7

Altars:

Shops:
D:5 *


Innate Abilities, Weirdness & Mutations

You are partially covered in thin metallic scales. (AC +2)
Your touch may inflict irresistible damage on your foes.
You possess an exceptional clarity of mind.
You occasionally shout uncontrollably at your foes.


Message History

There is an open door here.
You puncture the gnoll!
You kill the gnoll!
The gnoll hits you but does no damage. The gnoll attacks as you move away!
The gnoll barely misses you.
You see here a +0 spear.
You hit the gnoll.
The gnoll is severely wounded.
The gnoll hits you but does no damage.
You completely miss the gnoll.
You touch the gnoll.
You kill the gnoll!
There is an open door, spattered with blood here.
Things that are here:
a +0 whip; a gnoll corpse HP restored.
An adder comes into view.
Found 18 gold pieces.
The adder hisses angrily.
The two-headed ogre shouts in stereo!
You puncture the adder!
You kill the adder!
Your Armour skill increases to level 5!
Unknown command.
There is an open door, spattered with blood here.
Things that are here:
a +0 whip; a gnoll corpse You see here a +0 spear.
You see here a +0 flail.
The two-headed ogre hits you with a +0 giant club.
The two-headed ogre hits you with a +0 giant club!
The two-headed ogre attacks as you move away!
The two-headed ogre hits you with a +0 giant club!!
* * * LOW HITPOINT WARNING * * *
The two-headed ogre hits you with a +0 giant club!
* * * LOW HITPOINT WARNING * * *
Things that are here:
a +0 dagger; a +0 robe The two-headed ogre attacks as you move away!
The two-headed ogre hits you with a +0 giant club!
You die...

.......# ###### ### .......#
#....# ..# .......# #....#
#.# .......#
#....#####+#####.# .......#
#.............##.###
.......###......[).....##.#<#
................)......##.#.#
....)..........O@.>.#.....#.#
..####.........###.##.......#
#.........# #.########## #
#########.# #.# #.######
#.###.# #.#....#######...#.#
......##......###.#
#.#..##......###.#
#.....)))......#


You could see a two-headed ogre.

Vanquished Creatures
  An ogre (D:5)
  A centaur (D:5)
  2 phantoms
  2 scorpions (D:5)
  4 hounds (D:5)
  3 jellies (D:5)
  2 orc priests (D:5)
  Crazy Yiuf (D:3)
  2 gnoll boudas
  Natasha (thrice) (D:3)
  2 iguanas
  An orc wizard (D:6)
  Robin (D:3)
  9 gnolls
  8 adders
  An adder zombie (D:2)
  An adder skeleton (D:2)
  2 dart slugs
  9 orcs
  5 bats
  2 bat zombies (D:2)
  12 endoplasms
  6 giant cockroaches
  17 goblins
  10 hobgoblins
  6 jackals
  18 kobolds
  4 quokkas
  7 ball pythons
  A ball python skeleton (D:2)
  3 ball python zombies (D:2)
  2 frilled lizards
  2 quokka skeletons (D:2)
  A quokka zombie (D:2)
  6 rats
157 creatures vanquished.

Vanquished Creatures (others)
  A plant (D:5)
  A withered plant (D:2)
2 creatures vanquished.

Grand Total: 159 creatures vanquished

Notes
Turn   | Place    | Note
-------+----------+-------------------------------------------
     0 | D:1      | MrSixtyFour the Demonspawn Gladiator began the quest for
                  | the Orb.
     0 | D:1      | Reached XP level 1. HP: 16/16 MP: 1/1
    10 | D:1      | Found a faded altar of an unknown god.
   120 | D:1      | Gained mutation: You are partially covered in thin metallic
                  | scales. (AC +2) [demonic ancestry]
   120 | D:1      | Reached XP level 2. HP: 20/22 MP: 2/2
   386 | D:1      | Reached skill level 3 in Polearms
   669 | D:1      | Gained mutation: Your touch may inflict minor irresistible
                  | damage on your foes. [demonic ancestry]
   669 | D:1      | Reached XP level 3. HP: 28/28 MP: 3/3
  1539 | D:2      | Identified the +11 spear of Zuaptipi {vorpal, Fragile rC+
                  | Int+4}
  1630 | D:2      | Reached XP level 4. HP: 34/34 MP: 4/4
  1774 | D:2      | Found the +5 robe of Night {Dark Will+ SInv}
  2222 | D:3      | Reached skill level 1 in Evocations
  2450 | D:3      | Noticed Natasha
  2451 | D:3      | Gained mutation: Your touch may inflict irresistible damage
                  | on your foes. [demonic ancestry]
  2451 | D:3      | Reached XP level 5. HP: 39/41 MP: 5/5
  2460 | D:3      | Killed Natasha
  2474 | D:3      | Noticed Robin
  2494 | D:3      | Gained mutation: You possess an exceptional clarity of
                  | mind. [potion of mutation]
  2494 | D:3      | Gained mutation: You occasionally shout uncontrollably at
                  | your foes. [potion of mutation]
  2512 | D:3      | Killed Robin
  2710 | D:3      | Noticed Natasha
  2713 | D:3      | Killed Natasha
  3159 | D:3      | Found a runed translucent door.
  3160 | D:3      | Noticed Crazy Yiuf
  3162 | D:3      | Identified the +9 hammer of Mongoc {vorpal, +Blink rN+
                  | Dex+2}
  3168 | D:3      | Killed Crazy Yiuf
  3169 | D:3      | Reached skill level 1 in Armour
  3169 | D:3      | Reached XP level 6. HP: 46/47 MP: 6/6
  3360 | D:3      | Noticed Natasha
  3365 | D:3      | Killed Natasha
  3769 | D:4      | Reached skill level 4 in Polearms
  4585 | D:5      | Entered Level 5 of the Dungeon
  4615 | D:5      | Reached XP level 7. HP: 49/54 MP: 7/7
  5205 | D:5      | Reached skill level 5 in Polearms
  5484 | D:5      | Reached XP level 8. HP: 54/60 MP: 8/8
  5696 | D:5      | Found Loptaiwn's Assorted Antiques.
  5812 | D:5      | Reached skill level 6 in Polearms
  6145 | D:6      | Noticed a two-headed ogre
  6303 | D:6      | Reached skill level 5 in Armour
  6334 | D:6      | Mangled by a two-headed ogre

Illustrated notes

Levels and vault maps discovered:
D:1:      minmay_arrival_three_doors, layout_loops_cross,
          ebering_ecumenical_altar_sacrificial, nicolae_figureground_pulse
D:2:      layout_loops_ring, serial_undead, serial_undead_a, serial_undead_c,
          serial_undead_d, serial_undead_a
D:3:      layout_basic, kennysheep_another_room, nrook_loot_triangle,
          kennysheep_generic_room_7, uniq_natasha, uniq_crazy_yiuf_cottage,
          uniq_robin
D:4:      cheibrodos_thug_alley, layout_basic
D:5:      cheibrodos_two_vegetables, layout_loops_cross, serial_shops,
          nicolae_lakefront_shop, grunt_decor_mini_mirrors,
          hangedman_decor_diamond_cutter, minmay_between
D:6:      layout_basic

Skill      XL: |  1  2  3  4  5  6  7  8 |
---------------+-------------------------+-----
Throwing       | 2 |  2.5
Polearms       | 3 4 5 6 |  6.2
Dodging        | 3 |  3.6
Evocations     | 1 2 |  2.1
Fighting       | 3 4 |  4.0
Armour         | 1 2 4 5 |  5.0

Action                   |  1- 3 |  4- 6 |  7- 9 || total
-------------------------+-------+-------+-------++-------
Melee: Trident           |   120 |       |       ||   120
       Punch             |     1 |     2 |     2 ||     5
       Touch             |    13 |    12 |     7 ||    32
       Spear             |     4 |   143 |    63 ||   210
Evoke: Wand              |       |       |     1 ||     1
  Use: Potion            |       |     1 |       ||     1
 Stab: Sleeping          |     3 |       |       ||     3
Armor: Leather armour    |    43 |       |       ||    43
       Chain mail        |       |    53 |    23 ||    76
Dodge: Dodged            |    61 |    31 |     9 ||   101
Block: Other             |       |       |     5 ||     5
